 Dungeon Crawl Stone Soup version 0.18.1-48-g4cf74bf (webtiles) character file.

49 Krovax1 the Magician (level 3, 0/25 HPs)
             Began as a Demonspawn Wanderer on July 19, 2016.
             Succumbed to an adder's poison
             ... on level 3 of the Dungeon.
             The game lasted 00:15:18 (2280 turns).

Krovax1 the Magician (Demonspawn Wanderer)          Turns: 2280, Time: 00:15:18

Health: 0/25       AC: 17    Str: 13 (15) XL:     3   Next: 53%
Magic:  7/7        EV:  3    Int: 14 (15) God:
Gold:   72         SH:  0    Dex: 11 (13) Spells: 0 memorised, 8 levels left

rFire  . . .     SeeInvis .     t - +1 mace (protect)
rCold  . . .     Gourm    .     v - +0 plate armour
rNeg   . . .     Faith    .     (no shield)
rPois  .         Spirit   .     (no helmet)
rElec  .         Dismiss  .     p - +0 cloak
rCorr  .         Reflect  .     (no gloves)
SustAt .         Harm     .     (no boots)
MR     .....                    (no amulet)
Stlth  ..........               (no ring)
                                (no ring)

@: mighty, lethally poisoned (0 -> -2), not resistant to hostile enchantments,
extremely unstealthy
A: icy blue scales 1
a: no special abilities


You were on level 3 of the Dungeon.
You were not hungry.

You visited 1 branch of the dungeon, and saw 3 of its levels.

You collected 72 gold pieces.

Inventory:

Hand Weapons
 a - a +2 dagger
 c - a +0 quarterstaff
 d - a +1 spear
 t - a +1 mace of protection (weapon)
Armour
 e - a +0 robe
 h - a +0 leather armour
 n - a +1 chain mail of fire resistance
 p - a +0 cloak (worn)
 v - a +0 plate armour (worn)
Scrolls
 o - a scroll of enchant armour {unknown}
Potions
 b - 2 potions of haste
 j - a potion of ambrosia {unknown}
 k - a potion of agility {unknown}
 l - a potion of curing {unknown}
 m - a potion of resistance {unknown}
 w - a potion of lignification {unknown}
Comestibles
 f - 4 bread rations
 q - a chunk of flesh
 s - a beef jerky


   Skills:
 * Level 0.4 Fighting
 * Level 0.5 Maces & Flails
 - Level 3.1 Polearms
 * Level 1.0 Armour
 - Level 0.6 Dodging
 - Level 2.1 Stealth
   Level 1.0 Shields
 - Level 3.2 Spellcasting
   Level 1.0 Evocations


You had 8 spell levels left.
You didn't know any spells.

Dungeon Overview and Level Annotations

Branches:
Dungeon (3/15)

Altars:
Ashenzari


Innate Abilities, Weirdness & Mutations

You are partially covered in icy blue scales (AC +1).


Message History

You closely miss the giant gecko.
* * * LOW HITPOINT WARNING * * *
You feel sick. The bat hits you but does no damage.
The giant gecko bites you but does no damage.
The rat bites you but does no damage.
The giant gecko bites you but does no damage.
You miss the giant gecko. The bat hits you but does no damage.
The rat bites you but does no damage. The giant gecko bites you.
* * * LOW HITPOINT WARNING * * *
The rat barely misses you.
The giant gecko bites you but does no damage.
It was a potion of might.
You feel very mighty all of a sudden. The bat hits you but does no damage.
The giant gecko bites you but does no damage.
The rat bites you but does no damage.
It was a potion of degeneration.
There was something very wrong with that liquid.
You feel weakened.
You feel dopey.
You feel clumsy.
You die...

#............>.
#..........?....
#.........$.....
#...........)...
###........b......
.........).......
##........r$.....
.........@.......
##......l.....#
######.......#...#
......#.......#........#
........###.....##.#...#
...... #.#..## .####
......#####)#.## .#
........##....# ..
......#.##...##


You could see a giant gecko, a bat and a rat.

Vanquished Creatures
  2 adders
  A worm (D:2)
  A dart slug (D:2)
  A giant gecko (D:2)
  3 ball pythons
  3 goblins
  3 hobgoblins
  2 jackals (D:2)
  A quokka (D:2)
  3 bats
  2 giant newts (D:2)
  2 kobolds
  4 rats
28 creatures vanquished.

Notes
Turn   | Place    | Note
--------------------------------------------------------------
     0 | D:1      | Krovax1 the Demonspawn Wanderer began the quest for the Orb.
     0 | D:1      | Krovax1 set off with: a +2 dagger, a potion of haste, a +0 quarterstaff, a +0 spear, a +0 robe, a bread ration
     0 | D:1      | Reached XP level 1. HP: 13/13 MP: 4/4
     3 | D:1      | Noticed an ogre
     3 | D:1      | Noticed a human
     5 | D:1      | Noticed a minotaur
     5 | D:1      | Noticed a halfling
     7 | D:1      | Noticed a dwarf
     7 | D:1      | Noticed a gargoyle
     9 | D:1      | Noticed a vampire
     9 | D:1      | Noticed an elf
    11 | D:1      | Noticed a troll
    13 | D:1      | Noticed a demonspawn
    15 | D:1      | Noticed a ghoul
    15 | D:1      | Noticed a centaur
    17 | D:1      | Noticed a tengu
    17 | D:1      | Noticed a naga
    19 | D:1      | Noticed a demigod
    21 | D:1      | Noticed a vine stalker
    21 | D:1      | Noticed a draconian
    23 | D:1      | Noticed a spriggan
    23 | D:1      | Noticed a felid
    25 | D:1      | Noticed a formicid
    25 | D:1      | Noticed a merfolk
    28 | D:1      | Noticed an octopode
   859 | D:1      | Gained mutation: You are partially covered in icy blue scales (AC +1). [demonic ancestry]
   859 | D:1      | Reached XP level 2. HP: 19/19 MP: 6/6
  1343 | D:2      | Found a shattered altar of Ashenzari.
  1596 | D:2      | Reached XP level 3. HP: 16/25 MP: 7/7
  2274 | D:3      | Reached skill level 1 in Armour
  2278 | D:3      | HP: 1/25 [giant gecko (2)]
  2280 | D:3      | Succumbed to an adder's poison

Skill      XL: |  1  2  3 |
---------------+----------+-----
Polearms       | 3 |  3.1
Stealth        | 2 |  2.1
Armour         | 1 |  1.0
Fighting       | |  0.4
Maces & Flails | |  0.5
Dodging        | |  0.6
Shields        | |  1.0
Spellcasting   | |  3.2
Evocations     | |  1.0

Action                   || total
-------------------------++-------
Melee: Spear             ||   104
       Mace              ||    15
  Use: Scroll            ||     7
       Potion            ||     2
 Stab: Sleeping          ||     6
  Eat: Chunk             ||     2
       Meat ration       ||     1
Armor: Leather armour    ||    20
       Plate armour      ||    53
Dodge: Dodged            ||    36
